 Dungeon Crawl Stone Soup version 0.31-a0-986-g5e6e4ef867 (webtiles) character file.

Game seed: 10501949834017800792

172 Dirtsage the Slasher (level 5, -3/41 HPs)
             Began as a Demonspawn Fighter on Nov 3, 2023.
             Slain by a gnoll
             ... wielding a +0 halberd
              (5 damage)
             ... on level 4 of the Dungeon.
             The game lasted 00:03:13 (2231 turns).

Dirtsage the Slasher (Demonspawn Fighter)           Turns: 2231, Time: 00:03:13

Health: -3/41      AC: 14    Str: 17    XL:     5   Next: 27%
Magic:  5/5        EV: 10    Int:  9    God:
Gold:   257        SH:  5    Dex: 14    Spells: 4/4 levels left

rFire   + . .        a - +0 long sword
rCold   + + .        c - +0 buckler
rNeg    . . .        h - +2 ring mail {rC+}
rPois   .            j - +0 helmet
rElec   .            l - scarf {rC+ rF+}
rCorr   .            (no gloves)
SInv    .            (no boots)
Will    .....        (no amulet)
Stlth   +            s - ring of flight
HPRegen 0.26/turn    (no ring)
MPRegen 0.09/turn

%: no passive effects
@: sanguine armoured, flying
A: claws 1, powered by death 1, sanguine armour 1
a: no special abilities


You were on level 4 of the Dungeon.
You visited 1 branch of the dungeon, and saw 4 of its levels.

You collected 257 gold pieces.

Inventory:

Hand Weapons
 a - a +0 long sword (weapon)
Armour
 b - a +0 scale mail
 c - a +0 buckler (worn)
 h - a +2 ring mail of cold resistance (worn)
 j - a +0 helmet (worn)
 l - a scarf of resistance (worn)
Jewellery
 s - a ring of flight (left claw)
Scrolls
 f - 3 scrolls of teleportation
 g - a scroll of amnesia {unknown}
 i - 4 scrolls of identify {unknown}
 k - a scroll of torment {unknown}
 m - a scroll of fear {unknown}
 n - a scroll of immolation {unknown}
 o - a scroll of enchant weapon {unknown}
 p - a scroll of enchant armour {unknown}
 r - a scroll of acquirement {unknown}
 t - a scroll of fog {unknown}
Potions
 d - 2 potions of might
 e - 3 potions of enlightenment {unknown}
 q - a potion of attraction {unknown}


   Skills:
 - Level 3.1 Fighting
 - Level 3.7 Long Blades
 - Level 2.8 Armour
 - Level 2.8 Shields
 * Level 2.7 Unarmed Combat


You had 4 spell levels left.
You didn't know any spells.
Your spell library contained the following spells:

 Spells                   Type           Power      Damage    Failure   Level
 Wereblood                Tmut           0%         N/A       80%         2
 Irradiate                Conj/Tmut      0%         3d11      100%        5


Dungeon Overview and Level Annotations

Branches:
Dungeon (4/15)
 Temple: D:4-7

Altars:
Kikubaaqudgha
Sif Muna

Portals:
Abyss: D:3

Annotations:
D:3 2 transporters, Konar's ghost, amateur AtFi


Innate Abilities, Weirdness & Mutations

You have sharp fingernails.
You regenerate a little health from kills.
When seriously injured, your blood forms armour. (AC +6)


Message History

The adder bites you but does no damage. x2
You slash the adder!
You kill the adder!
No target in view!
No target in view!
HP restored.
You see here an adder corpse.
t - a scroll labelled KUNLU YMMEUT Health restored: 41
Found a stone staircase leading down.
A gnoll comes into view. It is wielding a +0 halberd.
The gnoll shouts!
You hear a shout! x2
A gnoll comes into view. It is wielding a +0 halberd.
You hear a shout!
The gnoll hits you with a +0 halberd! The gnoll closely misses you.
You take 13 damage, and have 28/41 hp.
MASSIVE DAMAGE!!
You closely miss the gnoll. The gnoll hits you but does no damage.
The gnoll hits you from afar with a +0 halberd.
Your blood congeals into armour.
You take 1 damage, and have 27/41 hp.
You hit the gnoll.
The gnoll is heavily wounded.
The gnoll closely misses you. The gnoll completely misses you.
You hit the gnoll.
The gnoll is severely wounded.
The gnoll hits you with a +0 halberd. The gnoll closely misses you.
You take 5 damage, and have 22/41 hp.
You hit the gnoll.
The gnoll is severely wounded.
The gnoll hits you but does no damage. You block the gnoll's attack.
The gnoll hits you but does no damage.
The gnoll hits you from afar with a +0 halberd!
* * * LOW HITPOINT WARNING * * *
You take 12 damage, and have 10/41 hp.
MASSIVE DAMAGE!!
You hit the gnoll but do no damage.
The gnoll is severely wounded.
The gnoll hits you with a +0 halberd!
* * * LOW HITPOINT WARNING * * *
The gnoll hits you from afar with a +0 halberd.
You die...

### ... ###
..###.######.##
.........gg@..#
####.#.#.##.##
#..###.#.# #..>#
##..#
.)..#..###..##
#.. #...#...# #.
#..#.#..########
#
#..........(....
##.#.#..#######.


You could see 2 gnolls.

Vanquished Creatures
  A scorpion (D:3)
  Robin (D:4)
  2 adders
  A white imp (D:3)
  A worm (D:2)
  4 dart slugs
  2 bats (D:3)
  9 endoplasms
  4 giant cockroaches
  10 goblins
  6 hobgoblins
  3 jackals (D:1)
  4 kobolds
  6 quokkas
  A frilled lizard (D:3)
  4 rats
59 creatures vanquished.

Notes
Turn   | Place    | Note
-------+----------+-------------------------------------------
     0 | D:1      | Dirtsage the Demonspawn Fighter began the quest for the
                  | Orb.
     0 | D:1      | Reached XP level 1. HP: 18/18 MP: 1/1
   167 | D:1      | Found a faded altar of an unknown god.
   228 | D:1      | Gained mutation: When seriously injured, your blood forms
                  | armour. (AC +6) [demonic ancestry]
   228 | D:1      | Reached XP level 2. HP: 24/24 MP: 2/2
  1126 | D:2      | Reached XP level 3. HP: 29/29 MP: 3/3
  1549 | D:3      | Noticed a small abomination
  1636 | D:3      | Found a transporter.
  1637 | D:3      | Found a one-way gate to the infinite horrors of the Abyss.
  1637 | D:3      | Noticed Konar's ghost (amateur AtFi)
  1640 | D:3      | Found a transporter.
  1815 | D:3      | Found a shimmering blue altar of Sif Muna.
  1868 | D:3      | Gained mutation: You have sharp fingernails. [demonic
                  | ancestry]
  1868 | D:3      | Reached XP level 4. HP: 35/35 MP: 4/4
  1898 | D:3      | Found an ancient bone altar of Kikubaaqudgha.
  1952 | D:3      | Noticed a scorpion
  1969 | D:3      | Killed a scorpion
  2090 | D:4      | Gained mutation: You regenerate a little health from kills.
                  | [demonic ancestry]
  2090 | D:4      | Reached XP level 5. HP: 41/41 MP: 5/5
  2095 | D:4      | Noticed Robin
  2113 | D:4      | Killed Robin
  2231 | D:4      | HP: 2/41 [gnoll/+0 halberd (8)]
  2231 | D:4      | Slain by a gnoll

Illustrated notes

Levels and vault maps discovered:
D:1:      arrival_zaba_pyramid, layout_basic,
          hellmonk_ecumenical_altar_inner_sanctum
D:2:      layout_rooms, serial_bayou, serial_bayou_ford_a, serial_bayou_pond_a,
          serial_bayou_pond_d, serial_bayou_lake_a, minivault_27
D:3:      layout_rooms, mainiacjoe_overflow_divided_tiny,
          mainiacjoe_overflow_six_doors_small, gammafunk_ghost_abyssal_escape
D:4:      layout_loops_ring, nicolae_overflow_hidden_temple,
          mainiacjoe_overflow_alcove_4, uniq_robin

Skill      XL: |  1  2  3  4 |
---------------+-------------+-----
Long Blades    | 2 3 |  3.7
Unarmed Combat | 2 |  2.7
Fighting       | |  3.1
Armour         | |  2.8
Shields        | |  2.8

Action                     |  1- 3 |  4- 6 || total
---------------------------+-------+-------++-------
  Melee: Long sword        |   174 |    65 ||   239
 Armour: Scale mail        |    21 |       ||    21
         Ring mail         |    86 |    46 ||   132
  Dodge: Dodged            |    88 |    43 ||   131
  Block: Buckler           |    40 |    15 ||    55

Table legend: (Time is in decaauts)
 A = Elapsed time spent in this place.
 B = Non-inter-level travel time spent in this place.
 C = Inter-level travel time spent in this place.
 D = Time resting spent in this place.
 E = Time spent auto-exploring this place.
 F = Levels seen in this place.
 G = Mean time per level.
                   A        B        C        D        E       F      G
               +--------+--------+--------+--------+--------+-----+--------+
         Total |   2324 |   2230 |     94 |      0 |   1734 |   4 |  581.0 |
       Dungeon |   2324 |   2230 |     94 |      0 |   1734 |   4 |  581.0 |
               +--------+--------+--------+--------+--------+-----+--------+

Top non-repeatable levels by time:
     D:1: 912 daAuts
     D:2: 670 daAuts
     D:3: 577 daAuts
     D:4: 163 daAuts
